 Dungeon Crawl Stone Soup version 0.28.0 (webtiles) character file.

Game seed: 1508718538807912186

3259 freelancePsychic the Cleaver (level 9, 0/83 HPs)
             Began as a Minotaur Berserker on Feb 12, 2022.
             Was an Elder of Trog.
             Slain by a vampire (14 damage)
             ... in a bailey.
             The game lasted 00:12:36 (6917 turns).

freelancePsychic the Cleaver (Minotaur Berserker)   Turns: 6917, Time: 00:12:37

Health: 0/83       AC:  9    Str: 23    XL:     9   Next: 68%
Magic:  2/2        EV:  9    Int:  4    God:    Trog [****..]
Gold:   208        SH:  5    Dex: 19    Spells: 8/8 levels left

rFire   . . .      SeeInvis .   a - +2 hand axe (antimagic)
rCold   . . .      Faith    .   (no shield)
rNeg    . . .      Spirit   .   q - +0 chain mail
rPois   .          Reflect  +   (helmet restricted)
rElec   .          Harm     .   (no cloak)
rCorr   .          Rampage  .   (no gloves)
Will    ++...                   (no boots)
Stlth   ..........              f - amulet of reflection
HPRegen 1.23/turn               J - +6 ring of dexterity
MPRegen 0.08/turn               (no ring)

@: strong-willed, on berserk cooldown, regenerating, slowed, very slow
A: horns 2, retaliatory headbutt
a: Renounce Religion, Berserk, Trog's Hand, Brothers in Arms


You were in a bailey.
You worshipped Trog.
Trog was greatly pleased with you.
You visited 1 branch of the dungeon, and saw 7 of its levels.
You also visited: Bailey.

You collected 338 gold pieces.
You spent 130 gold pieces at shops.

Inventory:

Hand Weapons
 a - a +2 antimagic hand axe (weapon)
 b - a +1 hunting sling of freezing
 G - a +0 war axe
 K - a +0 spear
Missiles
 g - 102 stones
 m - 5 boomerangs (quivered)
 x - 40 sling bullets
 y - 39 poisoned darts
 D - 2 throwing nets
Armour
 e - a +0 leather armour
 q - a +0 chain mail (worn)
 w - a +0 animal skin
 L - the +4 ring mail of Anaesthesia {rF+ rCorr Int-4}
   (You found it in a bailey)

   Int:       It affects your intelligence (-4).
   rF:        It protects you from fire.
   rCorr:     It protects you from acid and corrosion.
Jewellery
 f - an amulet of reflection (around neck)
 J - a +6 ring of dexterity (left hand)
Wands
 E - a wand of polymorph (10)
Scrolls
 c - 7 scrolls of identify {unknown}
 h - a scroll of enchant weapon {unknown}
 j - a scroll of enchant armour {unknown}
 k - a scroll of torment {unknown}
 p - a scroll of blinking {unknown}
 r - a scroll of fog {unknown}
 s - 3 scrolls of teleportation {unknown}
 v - 2 scrolls of brand weapon {unknown}
 A - 3 scrolls of vulnerability {unknown}
 B - 3 scrolls of amnesia {unknown}
 C - a scroll of summoning {unknown}
 F - a scroll of fear {unknown}
 H - a scroll of holy word {unknown}
Potions
 d - 7 potions of curing {unknown}
 i - a potion of haste {unknown}
 l - a potion of ambrosia {unknown}
 n - a potion of invisibility {unknown}
 o - 2 potions of berserk rage {unknown}
 t - a potion of cancellation {unknown}
 u - a potion of lignification {unknown}
 z - a potion of degeneration {unknown}
 I - a potion of flight {unknown}


   Skills:
 + Level 9.3 Fighting
 * Level 12.5 Axes
 - Level 6.0 Slings
 - Level 3.1 Armour
 - Level 2.1 Dodging


You had 8 spell levels left.
You didn't know any spells.
Your spell library was empty.

Dungeon Overview and Level Annotations

Branches:
Dungeon (7/15)             Bailey (1/1)
 Temple: D:4-7

Altars:
Ashenzari
Cheibriados
Makhleb
Qazlal
Trog
Uskayaw
Xom
The Shining One

Shops:
D:2 (

Annotations:
D:5 2 transporters


Innate Abilities, Weirdness & Mutations

You have a pair of horns on your head.
You reflexively headbutt those who attack you in melee.


Message History

You are too confused!
You are too confused!
You are too confused!
Unknown command.
Found an amethyst potion.
You feel a strong urge to attack something.
The vampire barely misses you. The vampire completely misses you.
You barely miss the vampire. You headbutt the vampire.
The vampire is moderately damaged.
You hit the vampire but do no damage. Your headbutt misses the vampire.
The vampire is moderately damaged.
The vampire gestures wildly while chanting.
The vampire flickers and vanishes!
Deactivating autopickup; reactivate with Ctrl-A.
You bump into the stone wall.
You feel a strong urge to attack something.
You are no longer berserk.
You are exhausted.
You feel yourself slow down. Something hits you! Something bites you!
Something draws strength from your injuries!
A vampire comes into view. It is wielding a +2 vampiric glaive.
Found a metallic brown potion.
You feel less confused.
You hear some strange, mumbled words.
Something tries to affect you, but you resist.
The vampire casts a spell at you. You resist with some effort.
You hear some strange, mumbled words.
Something tries to affect you, but you resist.
Something hits you! You block something's attack. Something hits you!
Something hits you but does no damage.
There is a large open door, spattered with blood here.
Your skin crawls.
You feel strong-willed. Something hits you.
The vampire mumbles some strange words.
The vampire flickers and vanishes!
Something hits you!
* * * LOW HITPOINT WARNING * * *
You fail to use your ability.
Something hits you!
You die...

##!! [## #... .8# #..#
..# #..##
#..#############
#...##...#8.......#.)#
##......##.....).8#).#
##.{..##...#######))#
###''##...##....8#).#
#...@.....#......#'##
#8...............#...
#########....#...#...
#8.....##..##...'...
#.......####....'...
#........#...####...
#####..♣........#..#...
#)÷.#.♣...))....#..#'##
#...#..♣.....♣..#.)).#.


There were no monsters in sight!

Vanquished Creatures
  A gargoyle (Bailey)
  Sigmund (D:6)
  Menkaure (D:7)
  An orc warrior (D:6)
  A black bear (D:4)
  An ice beast (D:7)
  A necrophage (D:6)
  6 sky beasts (D:6)
  2 ogres
  2 centaurs (D:6)
  A kobold brigand (D:6)
  A water moccasin zombie (D:5)
  3 scorpions
  7 vampire bats (Bailey)
  7 wolf zombies (Bailey)
  2 bullfrog skeletons (D:4)
  2 bullfrog zombies
  3 hounds
  A centaur skeleton (D:5)
  An orc priest (D:6)
  Terence (D:2)
  3 iguanas
  4 gnolls (D:5)
  3 adders
  2 ufetubi
  An adder skeleton (D:4)
  2 worms
  4 dart slugs
  14 orcs
  8 bats
  4 endoplasms
  3 giant cockroaches
  14 goblins
  6 hobgoblins
  4 jackals
  4 quokkas
  10 ball pythons
  4 frilled lizards
  10 kobolds
  16 orc zombies (Bailey)
  6 rats
168 creatures vanquished.

Notes
Turn   | Place    | Note
-------+----------+-------------------------------------------
     0 | D:1      | freelancePsychic the Minotaur Berserker began the quest for
                  | the Orb.
     0 | D:1      | Reached XP level 1. HP: 19/19 MP: 0/0
   142 | D:1      | Reached skill level 4 in Axes
   245 | D:1      | Reached XP level 2. HP: 27/27 MP: 1/1
   780 | D:1      | Reached XP level 3. HP: 33/33 MP: 2/2
   788 | D:1      | Reached ** piety under Trog
  1067 | D:2      | Found a faded altar of an unknown god.
  1189 | D:2      | Reached skill level 5 in Axes
  1490 | D:2      | Found Nacutt's Antique Weapon Emporium.
  1621 | D:2      | Noticed Terence
  1633 | D:2      | Killed Terence
  1634 | D:2      | Reached XP level 4. HP: 41/41 MP: 3/3
  2094 | D:3      | Found a hide-covered altar of Uskayaw.
  2622 | D:3      | Found a snail-covered altar of Cheibriados.
  2684 | D:2      | Bought a glowing hunting sling for 130 gold pieces
  2753 | D:3      | Noticed a scorpion
  2758 | D:3      | Killed a scorpion
  2759 | D:3      | Reached skill level 6 in Axes
  2759 | D:3      | Reached XP level 5. HP: 47/47 MP: 4/4
  2808 | D:3      | Found a bloodstained altar of Trog.
  2882 | D:4      | Noticed an ogre
  2886 | D:4      | Noticed a black bear
  2988 | D:4      | Reached skill level 5 in Fighting
  2988 | D:4      | Reached skill level 1 in Slings
  3034 | D:4      | Reached XP level 6. HP: 39/56 MP: 5/5
  3416 | D:4      | Reached skill level 7 in Axes
  3519 | D:4      | Found a broken altar of Ashenzari.
  3866 | D:5      | Entered Level 5 of the Dungeon
  3881 | D:5      | Reached XP level 7. HP: 62/62 MP: 6/6
  4021 | D:5      | Found a shimmering altar of Xom.
  4096 | D:5      | Found a transporter.
  4188 | D:5      | Reached skill level 8 in Axes
  4331 | D:5      | Found a transporter.
  4851 | D:6      | Reached *** piety under Trog
  4897 | D:6      | Reached skill level 9 in Axes
  4897 | D:6      | Reached XP level 8. HP: 62/71 MP: 2/7
  5455 | D:6      | Found a burning altar of Makhleb.
  5474 | D:6      | Reached skill level 10 in Axes
  5474 | D:6      | Reached skill level 5 in Slings
  5540 | D:6      | Found a glowing golden altar of the Shining One.
  5546 | D:6      | Noticed Sigmund
  5565 | D:6      | Killed Sigmund
  5728 | D:6      | Reached XP level 9. HP: 68/81 MP: 2/8
  5944 | D:7      | Found a stormy altar of Qazlal.
  5949 | D:7      | Reached skill level 11 in Axes
  5987 | D:7      | Noticed Menkaure
  5994 | D:7      | Killed Menkaure
  6049 | D:7      | Found a flagged portal.
  6067 | Bailey   | Entered a bailey
  6138 | Bailey   | Reached **** piety under Trog
  6242 | Bailey   | Identified the +4 ring mail of Anaesthesia {rF+ rCorr
                  | Int-4}
  6472 | Bailey   | Reached skill level 12 in Axes
  6715 | Bailey   | Noticed a gargoyle
  6727 | Bailey   | Killed a gargoyle
  6917 | Bailey   | Slain by a vampire

Illustrated notes

Levels and vault maps discovered:
D:1:      elethiomel_arrival_shortcut, layout_rooms, hangedman_feature_mirror
D:2:      layout_rooms, serial_shops, shop, ebering_ecumenical_altar_abandoned,
          minmay_tree_intersection, kennysheep_generic_room_9, uniq_terence
D:3:      layout_basic, mainiacjoe_overflow_six_doors_small,
          eat_drink_and_be_merry_uskayaw, mainiacjoe_overflow_catwalk
D:4:      layout_rooms, evilmike_ruin_ashenzari
D:5:      gammafunk_cloud_chamber, layout_basic, lemuel_crystal_altar
D:6:      layout_gridville, mainiacjoe_overflow_cross_hatched,
          kennysheep_little_box, feat_on_display, uniq_sigmund
D:7:      cheibrodos_fertilizer, layout_basic, grunt_qazlal_clouds,
          minmay_temple_entry_poolview, enter_bailey_3, grunt_ministairs_1,
          bh_walls_and_bars, uniq_menkaure
Bailey:   bailey_polearm_vampire_castle_hellmonk, bailey

Skill      XL: |  1  2  3  4  5  6  7  8  9 |
---------------+----------------------------+-----
Axes           | 4 5 6 7 9 10 12 | 12.5
Fighting       | 4 5 6 8 9 |  9.3
Armour         | 3 |  3.1
Slings         | 1 2 4 5 6 |  6.0
Dodging        | |  2.1

Action                   |  1- 3 |  4- 6 |  7- 9 || total
-------------------------+-------+-------+-------++-------
Melee: Hand axe          |    99 |    81 |   238 ||   418
       Headbutt          |    13 |    17 |    47 ||    77
       Punch             |     3 |     1 |     1 ||     5
 Fire: Hunting sling     |       |    16 |    32 ||    48
Throw: Dart              |       |     6 |       ||     6
       Boomerang         |       |     4 |     4 ||     8
Invok: Berserk           |     2 |     3 |     7 ||    12
       Trog's Hand       |       |       |     1 ||     1
Armor: Animal skin       |     1 |       |       ||     1
       Leather armour    |    24 |       |       ||    24
       Chain mail        |     7 |    39 |    98 ||   144
Dodge: Dodged            |    53 |    33 |    78 ||   164
Block: Other             |     2 |    29 |    47 ||    78
       Reflection        |       |       |     4 ||     4
